Map: Terraform LE (Void)

Players

Tefel - Winner!

  • Race: Zerg Zerg
  • League: Platinum

NightEnD

  • Race: Protoss Protoss
  • League: Master

Event: Lycan League Weekly August #3

VOD

Have the link to the VOD?

Description

Time

  • Played on: Aug. 17, 2015, 1:48 p.m.
  • Length: 6:37

All games in this series

Show
View Real Time Build Order
Export as new Build Order

Tefel Zerg - Winner!

Build Orders: Pool First, Ravager All-In 

Get SALT Encoding   

  12  0:00  Drone  
  13  0:08  Drone  
  14  0:17  Overlord  
  14  0:24  Drone, Extractor  
  17  0:35  Drone x2  
  17  0:45  Spawning Pool  
  17  0:47  Drone  
  17  0:54  Drone  
  18  1:12  Hatchery  
  18  1:13  Drone  
  18  1:16  Extractor  
  17  1:19  Drone  
  18  1:27  Drone  
  18  1:32  Queen  
  21  1:38  Drone  
  22  1:48  Overlord  
  22  1:59  Extractor  
  22  2:00  Drone  
  22  2:08  Queen  
  24  2:09  Drone  
  25  2:18  Metabolic Boost  
  25  2:21  Drone  
  26  2:24  Drone  
  27  2:32  Drone  
  27  2:35  Drone  
  29  2:40  Drone x3  
  29  2:41  Drone  
  29  2:43  Drone  
  34  2:48  Drone  
  35  2:53  Roach Warren  
  35  2:55  Drone  
  35  2:58  Drone  
  35  3:04  Overlord  
  36  3:11  Overlord x2  
  36  3:16  Overlord  
  36  3:33  Roach x6  
  48  3:35  Roach  
  50  3:44  Roach x2  
  50  3:47  Overlord  
  54  3:48  Zergling x2  
  54  3:49  Zergling x4  
  54  3:50  Zergling x2  
  54  3:55  Ravager x3  
  61  4:01  Overlord  
  61  4:02  Zergling x2  
  62  4:05  Ravager  
  62  4:07  Zergling x4  
  65  4:11  Zergling x2  
  65  4:15  Zergling x8  
  65  4:16  Zergling x2  
  71  4:19  Ravager  
  71  4:22  Zergling x2  
  71  4:24  Zergling x4  
  72  4:40  Roach x2  
  72  4:41  Roach x2  
  77  4:46  Zergling x2  
  77  4:48  Zergling x2  
  77  4:50  Ravager  
  77  4:51  Zergling x6  
  83  4:53  Overlord x2  
  82  5:03  Roach  
  82  5:04  Roach x2  
  82  5:06  Roach  
  82  5:13  Roach, Zergling x2  
  81  5:18  Roach  
  75  5:23  Zergling x4  
  75  5:27  Zergling x8  
  77  5:31  Roach x2  
  77  5:33  Zergling x2  
  79  5:37  Roach  
  80  5:45  Zergling x4  
  80  5:50  Roach  
  80  5:53  Roach  
  78  5:59  Drone  
  76  6:06  Zergling x4  
  76  6:12  Zergling x2  
  76  6:13  Zergling x4  
  76  6:16  Roach  
  76  6:18  Zergling x2  
  76  6:19  Zergling x4  
  76  6:20  Zergling x2  
Show
View Real Time Build Order
Export as new Build Order

NightEnD Protoss 

Build Orders: 1 Gate Expand, Mass Adepts 

Get SALT Encoding   

  12  0:01  Probe  
  13  0:14  Pylon  
  13  0:18  Probe  
  14  0:32  Probe (Chrono Boost)  
  14  0:35  Gateway  
  15  0:41  Probe (Chrono Boost)  
  16  0:49  Probe  
  17  1:01  Probe  
  18  1:13  Probe  
  18  1:17  Nexus  
  19  1:25  Probe (Chrono Boost)  
  20  1:30  Pylon  
  20  1:37  Probe (Chrono Boost)  
  20  1:38  Assimilator  
  21  1:40  Assimilator  
  21  1:44  Probe (Chrono Boost)  
  23  1:54  Probe (Chrono Boost)  
  23  1:56  Cybernetics Core  
  24  2:02  Probe (Chrono Boost)  
  24  2:04  Zealot  
  26  2:11  Probe (Chrono Boost)  
  27  2:20  Probe (Chrono Boost)  
  29  2:30  Probe (Chrono Boost)  
  29  2:33  Mothership Core (Chrono Boost)  
  29  2:34  Adept  
  33  2:37  Warp Gate (Chrono Boost)  
  33  2:44  Pylon  
  34  2:48  Probe (Chrono Boost)  
  35  2:51  Probe (Chrono Boost)  
  35  2:55  Probe (Chrono Boost)  
  36  2:59  Probe  
  36  3:04  Gateway  
  37  3:05  Gateway  
  37  3:06  Probe  
  37  3:09  Pylon  
  38  3:13  Probe  
  38  3:16  Adept  
  38  3:18  Probe  
  42  3:27  Gateway, Probe  
  42  3:33  Probe  
  44  3:39  Probe, Pylon  
  45  3:45  Probe  
  46  3:56  Twilight Council  
  46  3:57  Forge  
  46  4:04  Robotics Facility  
  46  4:10  Pylon  
  46  4:19  Adept x2  
  46  4:20  Adept  
  46  4:22  Adept  
  54  4:39  Gateway  
  54  4:40  Gateway  
  54  4:41  Adept x3  
  54  4:42  Adept  
  62  4:48  Pylon x2  
  60  5:08  Adept x2  
  55  5:14  Immortal (Chrono Boost)  
  55  5:21  Gateway x2  
  49  5:23  Pylon  
  43  5:28  Adept  
  43  5:29  Adept  
  43  5:32  Shield Upgrade  
  43  5:34  Pylon  
  30  5:45  Immortal (Chrono Boost)  
  30  5:47  Adept  
  30  5:48  Adept  
  23  6:13  Adept  
  23  6:14  Adept x3  

Tags
 
Add a new tag
Caveats
  • Supply blocks, unpowered buildings, or Contaminate may cause inaccurate times.
  • Supply counts are checked every 10 seconds.